Map: Deathaura LE

Players

altkiller

  • Race: Zerg Zerg
  • League: Platinum
  • Spawn Location: 11:00

ViBE - Winner!

  • Race: Terran Terran
  • League: Platinum
  • Spawn Location: 5:00

VOD

Have the link to the VOD?

Description

Time

  • Played on: April 2, 2021, 12:21 a.m.
  • Length: 15:19
Show
View Real Time Build Order
Export as new Build Order

altkiller Zerg 

Build Orders: Hatch First, Roach Hydra 

Get SALT Encoding   

  12  0:00  Drone  
  13  0:13  Overlord  
  13  0:17  Drone  
  14  0:31  Drone x2  
  16  0:49  Hatchery  
  15  0:52  Drone  
  15  0:55  Drone  
  17  1:04  Drone  
  18  1:14  Spawning Pool  
  18  1:15  Drone  
  18  1:21  Drone  
  19  1:28  Drone  
  20  1:33  Extractor  
  19  1:49  Overlord  
  19  1:51  Drone  
  20  2:02  Drone x2  
  20  2:04  Queen x2  
  27  2:22  Drone  
  27  2:23  Drone x2  
  27  2:25  Drone  
  30  2:34  Drone x2  
  32  2:46  Lair, Queen  
  32  2:47  Overlord  
  32  2:49  Drone  
  35  2:55  Drone  
  36  3:04  Overlord  
  36  3:07  Drone x2  
  38  3:15  Drone x6  
  44  3:24  Roach Warren  
  43  3:35  Extractor x2, Drone  
  43  3:36  Drone  
  43  3:37  Drone  
  43  3:39  Drone  
  45  3:44  Drone x2  
  45  3:47  Overlord x2  
  47  3:50  Drone x4  
  51  4:00  Evolution Chamber  
  50  4:04  Glial Reconstitution  
  50  4:11  Roach x2  
  50  4:12  Roach x2  
  58  4:18  Hatchery  
  58  4:21  Roach x4  
  58  4:22  Overlord  
  58  4:23  Overlord  
  66  4:24  Drone  
  66  4:35  Drone x2  
  66  4:37  Zerg Missile Weapons Level 1  
  68  4:53  Drone x8  
  76  5:00  Drone x2  
  78  5:14  Extractor, Drone x2  
  78  5:15  Hydralisk Den  
  78  5:21  Evolution Chamber  
  78  5:24  Drone x7  
  84  5:34  Drone x2  
  86  5:40  Overlord x2  
  86  5:45  Extractor  
  86  5:46  Extractor  
  86  5:49  Grooved Spines  
  84  5:54  Queen  
  86  5:57  Hydralisk x4  
  86  5:58  Hydralisk x6  
  106  6:15  Overlord x2  
  106  6:16  Overlord x2  
  106  6:40  Hydralisk x10  
  106  6:45  Hatchery  
  125  7:00  Muscular Augments  
  125  7:06  Hydralisk x6  
  137  7:08  Overlord x2  
  137  7:09  Overlord x2  
  137  7:18  Queen  
  137  7:24  Drone  
  137  7:26  Overlord x2  
  137  7:28  Zerg Missile Weapons Level 2  
  137  7:29  Zerg Ground Armor Level 1  
  138  7:32  Drone x2  
  138  7:33  Drone x3  
  143  7:43  Drone  
  143  7:44  Drone x3  
  146  7:45  Drone  
  148  8:00  Drone x9  
  148  8:04  Extractor x2  
  155  8:12  Infestation Pit  
  154  8:20  Drone x3  
  154  8:23  Drone x3  
  154  8:24  Drone  
  154  8:25  Overlord x3  
  161  8:37  Hydralisk  
  161  8:38  Hydralisk x12  
  187  8:58  Roach x6  
  198  9:09  Hive  
  192  9:26  Hydralisk  
  192  9:27  Hydralisk x3  
  200  9:35  Extractor, Hatchery  
  200  9:37  Extractor  
  197  9:38  Overlord x3  
  197  9:39  Overlord  
  197  9:59  Zerg Ground Armor Level 2  
  177  10:17  Roach x13  
  177  10:18  Roach  
  197  10:31  Roach x2  
  186  10:40  Hydralisk x7  
  187  10:46  Hydralisk  
  187  10:47  Hydralisk x5  
  167  10:59  Roach x3  
  122  11:31  Hatchery  
  111  11:37  Queen  
  111  11:46  Drone x3  
  111  11:47  Drone x7  
  121  11:52  Hatchery  
  120  12:49  Drone x3  
  120  12:50  Drone  
  124  12:55  Drone x5  
  124  12:56  Drone x2  
  124  12:57  Queen  
  133  13:16  Pathogen Glands  
  133  13:20  Roach Warren  
  133  13:21  Lurker Den  
  133  13:26  Hydralisk x17  
  133  13:27  Hydralisk  
  167  13:41  Hydralisk  
  167  13:42  Hydralisk x7  
  115  14:04  Drone x10  
  99  14:12  Roach x3  
  103  14:19  Roach  
  105  14:30  Roach x7  
  119  14:41  Roach x3  
  119  14:42  Roach x4  
  133  14:51  Roach x3  
  133  14:52  Roach x4  
Show
View Real Time Build Order
Export as new Build Order

ViBE Terran - Winner!

Build Orders:  

Get SALT Encoding   

  12  0:00  SCV  
  13  0:12  SCV  
  14  0:19  Supply Depot  
  14  0:25  SCV  
  15  0:40  SCV  
  16  0:42  Barracks  
  16  0:53  SCV  
  17  1:05  SCV  
  18  1:17  SCV  
  19  1:29  Orbital Command  
  19  1:30  Marine  
  20  1:34  Command Center  
  20  1:35  Refinery  
  20  1:47  Supply Depot  
  20  1:48  Marine  
  21  1:57  SCV  
  22  2:09  SCV, Marine  
  24  2:21  SCV  
  25  2:27  Marine  
  26  2:33  SCV  
  27  2:45  SCV, Factory  
  27  2:46  Orbital Command  
  27  2:50  Supply Depot  
  28  2:56  Barracks Reactor  
  28  2:58  SCV  
  29  3:10  SCV, Command Center  
  29  3:12  SCV  
  31  3:16  Supply Depot  
  31  3:22  SCV  
  31  3:24  SCV  
  33  3:27  Refinery  
  33  3:29  Factory Tech Lab  
  33  3:30  Barracks  
  33  3:33  Marine  
  33  3:34  SCV, Marine  
  36  3:36  SCV  
  36  3:38  Supply Depot  
  37  3:46  SCV  
  38  3:49  SCV  
  38  3:53  Siege Tank  
  42  3:58  SCV  
  42  4:01  SCV  
  42  4:02  Marine x2, Supply Depot  
  46  4:10  SCV  
  46  4:13  SCV  
  48  4:18  Barracks Tech Lab  
  48  4:20  Starport  
  48  4:22  SCV  
  48  4:23  Orbital Command  
  49  4:24  Marine x2  
  49  4:25  SCV  
  52  4:34  SCV  
  52  4:37  SCV  
  54  4:43  Supply Depot  
  54  4:44  Supply Depot  
  54  4:46  SCV  
  54  4:49  SCV  
  54  4:50  Refinery  
  54  4:51  Refinery  
  54  4:52  SCV  
  57  4:54  Marine x3  
  57  4:55  Siege Tank  
  57  4:58  SCV, Starport Reactor  
  64  5:01  SCV  
  65  5:11  Marine  
  65  5:12  SCV, Marine x2  
  65  5:13  SCV  
  65  5:14  Orbital Command  
  70  5:24  SCV  
  70  5:25  SCV  
  72  5:29  Marine x2  
  72  5:30  Marine  
  72  5:34  Stimpack  
  75  5:36  SCV  
  75  5:37  SCV  
  75  5:39  Siege Tank  
  75  5:40  Medivac  
  82  5:43  SCV  
  82  5:47  Marine x2  
  82  5:48  Marine  
  82  5:49  SCV  
  88  5:50  SCV, Supply Depot  
  88  5:55  SCV, Engineering Bay x2  
  89  5:59  Barracks  
  89  6:00  Barracks  
  89  6:02  Barracks  
  89  6:05  Marine x2  
  89  6:06  Marine  
  89  6:08  SCV x3  
  95  6:13  Supply Depot  
  95  6:14  Medivac x2  
  99  6:23  Marine x3  
  102  6:26  SCV x3  
  105  6:33  Command Center  
  105  6:37  Supply Depot  
  105  6:38  SCV x3  
  108  6:42  Refinery  
  108  6:43  Refinery, Marine x2  
  108  6:44  Marine  
  108  6:46  Terran Infantry Armor Level 1, Terran Infantry Weapons Level 1  
  111  6:49  Armory, Barracks Reactor  
  111  6:50  Barracks Reactor, SCV x3  
  115  6:58  Barracks Reactor  
  114  7:01  Marine x2  
  114  7:02  SCV x3  
  119  7:09  Supply Depot  
  119  7:11  Marine  
  119  7:14  SCV x2  
  119  7:15  SCV  
  122  7:19  Marine x2  
  115  7:25  Marine  
  115  7:26  Marine x3  
  115  7:27  Barracks x3  
  115  7:29  Marine  
  120  7:30  Medivac x2  
  120  7:31  Supply Depot  
  120  7:32  SCV x3  
  127  7:37  Marine x2  
  127  7:41  Terran Vehicle Weapons Level 1, Supply Depot  
  127  7:43  Thor  
  127  7:44  SCV x3, Marine x3, Supply Depot  
  137  7:45  Marine x3  
  137  7:46  Marine  
  145  8:02  Command Center  
  145  8:05  Marine x7  
  147  8:06  Marine x2  
  147  8:09  Medivac x2  
  158  8:12  Combat Shield  
  158  8:21  Barracks Reactor  
  158  8:22  Barracks Reactor x2  
  158  8:24  Planetary Fortress, SCV x3  
  161  8:27  Marine x3  
  161  8:28  Marine x2  
  166  8:36  SCV x3  
  166  8:37  Supply Depot  
  166  8:38  Marine x4, Supply Depot  
  173  8:42  Terran Infantry Armor Level 2, Terran Infantry Weapons Level 2  
  173  8:45  Marine x2  
  175  8:49  Medivac x2  
  175  8:54  Supply Depot  
  179  8:59  Thor  
  185  9:07  Marine  
  185  9:08  Marine x11  
  185  9:09  Marine  
  178  9:10  Marine x2  
  178  9:13  SCV x3  
  183  9:19  Command Center  
  183  9:23  Medivac x2  
  187  9:25  Marine x2  
  187  9:26  Marine x4  
  193  9:37  Marine x7  
  200  9:50  Barracks  
  200  9:51  Barracks  
  200  9:55  Barracks  
  200  9:56  Barracks  
  200  9:57  Planetary Fortress  
  200  10:00  Barracks  
  198  10:11  Factory  
  197  10:15  Starport  
  196  10:23  Barracks  
  196  10:24  Barracks  
  196  10:25  Barracks  
  191  10:31  Supply Depot x2  
  191  10:32  Supply Depot  
  176  10:37  Marine  
  176  10:38  Marine x13  
  186  10:45  Terran Vehicle Weapons Level 2, Thor, Medivac  
  186  10:48  Medivac  
  182  10:57  Command Center  
  182  10:58  Barracks Tech Lab x3  
  182  10:59  Barracks Tech Lab  
  182  11:02  Command Center  
  171  11:05  Starport  
  171  11:07  Factory  
  155  11:13  Barracks Reactor x4, Command Center  
  155  11:16  Marine x11  
  155  11:18  Marauder x5  
  155  11:20  Medivac x2  
  155  11:23  Concussive Shells  
  145  11:26  Terran Infantry Weapons Level 3  
  127  11:32  SCV  
  127  11:33  SCV x3  
  128  11:43  Starport Reactor  
  128  11:44  Marine  
  128  11:45  Marauder x3, SCV x4  
  139  11:47  Marauder  
  139  11:55  Marine  
  139  11:56  Marine x7  
  139  11:57  SCV x4  
  139  11:58  Marine x2  
  139  11:59  Marine  
  139  12:00  Marine  
  155  12:05  Marine x3  
  158  12:08  Factory Tech Lab  
  158  12:12  SCV x4  
  162  12:20  Orbital Command  
  162  12:24  SCV x4  
  162  12:28  Thor x2  
  162  12:29  Command Center  
  178  12:32  Terran Infantry Armor Level 3  
  178  12:36  SCV  
  179  12:41  Refinery  
  179  12:42  Refinery  
  179  12:43  Marauder, Marine x2  
  179  12:44  Marauder x4, Marine x2  
  191  12:45  Marine  
  191  12:48  Medivac  
  196  13:11  Marine x4  
  200  13:23  Missile Turret  
  200  13:24  Missile Turret  
  200  13:26  Missile Turret  
  200  13:28  Missile Turret  
  200  13:31  Missile Turret  
  200  13:37  Missile Turret x2  
  200  13:43  Missile Turret  
  198  13:53  Marauder x5, Marine x10  
  198  13:54  Marine x2  
Tags
 
Composition
Roach Hydra
Matchup
TvZ
Player
ViBE
Spawn Locations
Cross Positions
Add a new tag
Caveats
  • Supply blocks, unpowered buildings, or Contaminate may cause inaccurate times.
  • Supply counts are checked every 10 seconds.